 Dungeon Crawl Stone Soup version 0.31.0-9-g3a7656b989 (webtiles) character file.

Game seed: 17439483792632240403

12003 Amplified the Fighter (level 11, -8/10 HPs)
             Began as a Pale Draconian Enchanter on Feb 1, 2024.
             Was a Priest of Nemelex Xobeh.
             Mangled by a shadow (18 damage)
             ... on level 11 of the Dungeon.
             The game lasted 00:14:24 (8957 turns).

Amplified the Fighter (Pale Draconian Enchanter)    Turns: 8957, Time: 00:14:25

Health: -8/10      AC: 10    Str: 15    XL:     11   Next: 56%
Magic:  25/25      EV: 11    Int: 19    God:    Nemelex Xobeh [***...]
Gold:   206        SH: 13    Dex: 15    Spells: 14/14 levels left

rFire   . . .        m - +6 whip of Xacher {freeze, Will+++ MP+9 Int+4 Dex-3}
rCold   . . .        n - +2 kite shield {rN+}
rNeg    + . .        (body armour unavailable)
rPois   .            (helmet restricted)
rElec   .            E - +1 cloak
rCorr   .            (no gloves)
SInv    .            e - +0 pair of boots
Will    +++..        f - amulet of regeneration
Stlth   ++           i - +6 ring of dexterity
HPRegen 1.01/turn    (no ring)
MPRegen 0.19/turn

%: no passive effects
@: maw-form, studying Fighting
A: devouring maw, reduced hp, breathe steam, AC +7, unfitting armour,
cold-blooded, steam resistance
a: Breathe Steam, Begin Untransformation, Renounce Religion, Draw Escape, Draw
Destruction, Draw Summoning, Triple Draw


You were on level 11 of the Dungeon.
You worshipped Nemelex Xobeh.
Nemelex Xobeh was most pleased with you.
You were a creature with a mouth for a stomach.
You visited 2 branches of the dungeon, and saw 12 of its levels.
You also visited: Ossuary.

You collected 614 gold pieces.
You spent 408 gold pieces at shops.

Inventory:

Hand Weapons
 d - a +3 flail of holy wrath
 m - the +6 whip of Xacher (weapon) {freeze, Will+++ MP+9 Int+4 Dex-3}
   (You found it on level 3 of the Dungeon)

   Int+4:     It affects your intelligence (+4).
   Dex-3:     It affects your dexterity (-3).
   Will+++:   It greatly increases your willpower.
   MP+9:      It affects your magic capacity (+9).
Missiles
 a - 25 poisoned darts (quivered)
 z - 6 curare-tipped darts
 B - 3 throwing nets
Armour
 e - a +0 pair of boots (worn)
 n - a +2 kite shield of positive energy (worn)
 E - a +1 cloak (worn)
Jewellery
 f - an amulet of regeneration (around neck)
 i - a +6 ring of dexterity (left hand)
 u - a ring of fire
 v - a ring of see invisible
Talismans
 H - a maw talisman (active)
Wands
 r - a wand of digging (13)
 x - a wand of flame (27)
 A - a wand of mindburst (15)
Scrolls
 j - a scroll of vulnerability
 l - a scroll of torment
 o - 2 scrolls of amnesia
 q - a scroll of fog
 w - a scroll of poison
 y - a scroll of fear
 G - a scroll of identify
Potions
 b - a potion of invisibility
 c - 3 potions of magic
 g - 2 potions of resistance
 h - 4 potions of ambrosia
 k - 8 potions of curing
 p - 5 potions of lignification
 s - a potion of berserk rage
 t - 8 potions of enlightenment
 C - 2 potions of mutation
 D - 2 potions of attraction


   Skills:
 * Level 12.1 Fighting
 - Level 1.0 Short Blades
 * Level 8.8 Maces & Flails
 - Level 3.1 Dodging
 - Level 2.6 Stealth
 * Level 8.4 Shields
 - Level 2.0 Spellcasting
 - Level 2.6 Hexes
 * Level 7.7 Invocations
 * Level 8.4 Evocations


You had 14 spell levels left.
You didn't know any spells.
Your spell library contained the following spells:

 Spells                   Type           Power      Damage    Failure   Level
 Ensorcelled Hibernation  Hex/Ice        14%        N/A       34%         2
 Confusing Touch          Hex            12%        N/A       38%         3
 Tukima's Dance           Hex            12%        N/A       38%         3
 Dazzling Flash           Conj/Hex       14%        N/A       56%         3
 Fugue of the Fallen      Necr           1%         N/A       77%         3
 Hailstorm                Conj/Ice       1%         3d5       77%         3
 Ozocubu's Armour         Ice            1%         N/A       77%         3
 Summon Ice Beast         Ice/Summ       1%         N/A       77%         3
 Manifold Assault         Tloc           1%         N/A       99%         4
 Sculpt Simulacrum        Ice/Alch       0%         N/A       100%        6


Dungeon Overview and Level Annotations

Branches:
Dungeon (11/15)            Temple (1/1) D:4            Lair (0/5) D:8
    Orc (0/2) D:9         Ossuary (visited)

Altars:
Ashenzari
Cheibriados
Dithmenos
Elyvilon
Fedhas
Gozag
Hepliaklqana
Kikubaaqudgha
Makhleb
Nemelex Xobeh
Okawaru
Qazlal
Ru
Sif Muna
Trog
Uskayaw
Vehumet
Wu Jian
Xom
Yredelemnul
Zin
The Shining One

Shops:
D:1 [(!   D:9 [

Annotations:
D:3 2 transporters, ratatoskos's ghost, amateur TeRe
D:11 2 transporters, exclusion: orange crystal statue


Innate Abilities, Weirdness & Mutations

You are a creature with a mouth for a stomach.
Your midsection houses a second, enormous mouth.
Your maximum health is decreased, since you lack skill for your form.
You can breathe blasts of scalding, opaque steam.
Your pale cyan-grey scales are hard. (AC +7)
You cannot fit into any form of body armour.
You are cold-blooded and may be slowed by cold attacks.
You are immune to the effects of steam.


Message History

Search for what [Enter for "cloa", or ? for help]? body armour Unknown command.
Saving game... please wait.
Level annotation: 2 transporters, exclusion: orange crystal statue Welcome back, Amplified the Pale Draconian Enchanter.
Nemelex Xobeh says: It's all in the cards!
Press ? for a list of commands and other information.
Unknown command.
Okay, then.
Okay, then.
You drop the beast talisman of Ceenod {Fly rPois Stlth+}.
You begin transforming.
You continue transforming. x3
You turn into a creature with a mouth for a stomach.
HP restored.
Unknown command.
Unknown command.
Okay, then.
You drop a maw talisman.
H - a maw talisman
There is a stone staircase leading down here.
A shadow comes into view.
A shadow is nearby!
You block the shadow's attack.
You hit the shadow. You bite the shadow, but do no damage.
The shadow is moderately damaged.
The shadow barely misses you.
You hit the shadow but do no damage. You bite the shadow.
The shadow is moderately damaged.
The shadow slips into darkness.
The shadow flickers and vanishes!
Deactivating autopickup; reactivate with Ctrl-A.
No target in view!
No target in view!
No target in view!
No target in view!
You hit something. You bite something.
The shadow strikes at you from the darkness!
Ouch! That really hurt!
You die...
Your body glows with a rainbow of weird colours and disappears.

..........#
..........#
.########.# #.# #.#
#.###### #......#
#..########......#
#....{W..........#
#................#
....######........#
... #.......## .
+.......# #.......#
+.......# #...#####


There were no monsters in sight!

Vanquished Creatures
  2 two-headed ogres
  A cyclops (D:6)
  Maggie (D:7)
  A rime drake (D:8)
  A troll (D:10)
  A hornet (D:9)
  Prince Ribbit (D:8)
  A shadow (D:11)
  A wraith (D:10)
  A wyvern (D:8)
  A warg (D:9)
  A golden eye (D:10)
  A steam dragon (D:8)
  25 yaks
  2 vampire mosquitoes (D:10)
  2 acid dragons
  2 water moccasins
  6 ice beasts
  2 orc warriors (D:8)
  2 black bears
  5 wolves
  A sky beast (D:7)
  2 centaurs
  A phantom (D:7)
  A kobold brigand (D:6)
  An elf zombie (Ossuary)
  A bullfrog (D:7)
  12 wights
  6 killer bees (D:8)
  4 howler monkeys
  2 bombardier beetles
  5 centaur zombies (Ossuary)
  A jelly (D:4)
  6 hounds
  3 human zombies (Ossuary)
  2 gnoll boudas
  5 orc priests
  5 iguanas (D:5)
  A sleepcap (D:3)
  3 orc wizards (D:7)
  2 mummies (Ossuary)
  5 hound zombies (Ossuary)
  9 adders
  11 gnolls
  2 shadow imps
  A white imp (D:7)
  3 adder zombies (Ossuary)
  4 dart slugs
  4 ribbon worms
  28 orcs
  7 endoplasms
  3 giant cockroaches
  5 gnoll zombies (Ossuary)
  9 goblins
  7 hobgoblins
  3 jackals (D:2)
  14 kobolds
  3 quokkas
  4 ball pythons
  10 bats
  6 frilled lizards
  3 jackal zombies (Ossuary)
  7 kobold zombies (Ossuary)
  5 orc zombies (Ossuary)
  6 rats
283 creatures vanquished.

Notes
Turn   | Place    | Note
-------+----------+-------------------------------------------
     0 | D:1      | Amplified the Draconian Enchanter began the quest for the
                  | Orb.
     0 | D:1      | Reached XP level 1. HP: 14/14 MP: 3/3
   291 | D:1      | Reached skill level 1 in Fighting
   353 | D:1      | Found Zeit's Armour Shop.
   507 | D:1      | Found Pako's Distillery.
   551 | D:1      | Reached XP level 2. HP: 23/23 MP: 5/5
   688 | D:1      | Found Roeciyne's Antique Weapon Emporium.
   935 | D:2      | Reached skill level 1 in Maces & Flails
   944 | D:2      | Found a shimmering altar of Xom.
   967 | D:1      | Reached XP level 3. HP: 28/29 MP: 6/6
  1008 | D:2      | Reached skill level 2 in Fighting
  1203 | D:2      | Reached XP level 4. HP: 35/36 MP: 7/7
  1527 | D:3      | Found a transporter.
  1545 | D:3      | Noticed ratatoskos's ghost (amateur TeRe)
  1584 | D:3      | Identified the +6 whip of Xacher {freeze, Will+++ MP+9
                  | Int+4 Dex-3}
  1681 | D:3      | Found an ornate altar of the Wu Jian Council.
  1762 | D:3      | Found a transporter.
  2064 | D:3      | Reached XP level 5. HP: 44/44 MP: 8/8
  2081 | D:3      | Reached skill level 3 in Fighting
  2235 | D:3      | Reached skill level 1 in Shields
  2518 | D:4      | Reached XP level 6. HP: 51/52 MP: 9/9
  2612 | D:4      | Reached skill level 4 in Fighting
  2834 | D:4      | Found a staircase to the Ecumenical Temple.
  3024 | Temple   | Entered the Ecumenical Temple
  3065 | D:5      | Entered Level 5 of the Dungeon
  3141 | D:5      | Noticed an ice beast
  3155 | D:5      | Killed an ice beast
  3156 | D:5      | Your scales start taking on a pale cyan-grey colour.
  3156 | D:5      | Reached XP level 7. HP: 60/60 MP: 10/10
  3156 | D:5      | Gained mutation: You are immune to the effects of steam.
                  | [Pale Draconian growth]
  3347 | D:5      | Reached skill level 1 in Evocations
  3443 | D:5      | Reached skill level 5 in Fighting
  3833 | D:6      | Reached XP level 8. HP: 66/69 MP: 11/11
  3834 | D:6      | Found a sparkling altar of Nemelex Xobeh.
  3834 | D:6      | Found a radiant altar of Vehumet.
  3840 | D:6      | Became a worshipper of Nemelex Xobeh the Trickster
  4158 | D:6      | Identified the +0 plate armour "Eppudic" {rF+ Dex+4}
  4255 | D:6      | Noticed a cyclops
  4274 | D:6      | Reached skill level 5 in Maces & Flails
  4287 | D:6      | Reached skill level 1 in Invocations
  4289 | D:6      | Killed a cyclops
  4290 | D:6      | Reached skill level 6 in Fighting
  4290 | D:6      | Reached skill level 5 in Shields
  4353 | D:7      | Found a sand-covered staircase.
  4400 | D:7      | Reached XP level 9. HP: 47/76 MP: 12/12
  4440 | D:7      | Noticed Maggie
  4457 | D:7      | Killed Maggie
  4458 | D:7      | Reached skill level 7 in Fighting
  4475 | D:7      | Reached * piety under Nemelex Xobeh
  4498 | Ossuary  | Entered an ossuary
  4585 | Ossuary  | Reached skill level 5 in Evocations
  5023 | D:7      | Reached skill level 8 in Fighting
  5086 | D:7      | Received a gift from Nemelex Xobeh
  5240 | D:7      | Reached ** piety under Nemelex Xobeh
  5569 | D:8      | Noticed Prince Ribbit
  5594 | D:8      | Killed Prince Ribbit
  5627 | D:8      | Reached skill level 5 in Invocations
  5665 | D:8      | Reached XP level 10. HP: 69/90 MP: 13/13
  5679 | D:8      | Reached skill level 9 in Fighting
  5853 | D:8      | Reached skill level 10 in Fighting
  5889 | D:8      | Found a staircase to the Lair.
  6681 | D:1      | Bought a buzzing scimitar for 252 gold pieces
  6681 | D:1      | Identified the +3 scimitar of Vaijoh {freeze, Dex+3} (You
                  | bought it in a shop on level 1 of the Dungeon)
  6729 | D:1      | Bought 2 potions of curing for 78 gold pieces
  6729 | D:1      | Bought a potion of curing for 39 gold pieces
  6729 | D:1      | Bought a potion of attraction for 39 gold pieces
  7043 | D:9      | Received a gift from Nemelex Xobeh
  7114 | D:9      | Found a staircase to the Orcish Mines.
  7212 | D:9      | Found Eheczic's Antique Armour Shoppe.
  7223 | D:9      | Noticed a two-headed ogre
  7228 | D:9      | Killed a two-headed ogre
  7364 | D:9      | Reached XP level 11. HP: 91/101 MP: 16/16
  7379 | D:9      | Found Dehewn's Vocational Training.
  7521 | D:9      | Reached *** piety under Nemelex Xobeh
  7637 | D:10     | Entered Level 10 of the Dungeon
  7704 | D:10     | Reached skill level 11 in Fighting
  7936 | D:10     | Received a gift from Nemelex Xobeh
  8121 | D:10     | Found a burning altar of Makhleb.
  8571 | D:10     | Noticed a two-headed ogre
  8573 | D:10     | Killed a two-headed ogre
  8574 | D:10     | Reached skill level 12 in Fighting
  8615 | D:10     | Identified the beast talisman of Ceenod {Fly rPois Stlth+}
  8750 | D:11     | Noticed a yaktaur captain
  8750 | D:11     | Noticed an orange crystal statue
  8750 | D:11     | Found a transporter.
  8751 | D:11     | a faun changed into a lindwurm
  8751 | D:11     | Noticed a lindwurm (glowing shapeshifter)
  8752 | D:11     | a lindwurm changed into a guardian serpent
  8753 | D:11     | a guardian serpent changed into a wolf spider
  8753 | D:11     | Noticed a wolf spider (glowing shapeshifter)
  8753 | D:11     | Noticed a centaur warrior
  8759 | D:11     | a wolf spider changed into a two-headed ogre
  8759 | D:11     | Noticed a two-headed ogre (glowing shapeshifter)
  8761 | D:11     | a two-headed ogre changed into a swamp worm
  8782 | D:11     | Noticed an anaconda
  8784 | D:11     | an anaconda changed into an entropy weaver
  8784 | D:11     | Noticed an entropy weaver (glowing shapeshifter)
  8785 | D:11     | Found a transporter.
  8785 | D:11     | an entropy weaver changed into a polar bear
  8788 | D:11     | a polar bear changed into a glowing orange brain
  8788 | D:11     | Noticed a glowing orange brain (glowing shapeshifter)
  8793 | D:11     | a glowing orange brain changed into a glowing shapeshifter
  8793 | D:11     | Noticed a glowing shapeshifter (glowing shapeshifter)
  8794 | D:11     | a glowing shapeshifter changed into a deep troll
  8794 | D:11     | Noticed a deep troll (glowing shapeshifter)
  8802 | D:11     | a deep troll changed into a mana viper
  8802 | D:11     | Noticed a mana viper (glowing shapeshifter)
  8804 | D:11     | a mana viper changed into a two-headed ogre
  8804 | D:11     | Noticed a two-headed ogre (glowing shapeshifter)
  8805 | D:11     | a two-headed ogre changed into a steelbarb worm
  8805 | D:11     | Noticed a steelbarb worm (glowing shapeshifter)
  8808 | D:11     | a steelbarb worm changed into a torpor snail
  8816 | D:11     | a torpor snail changed into a steelbarb worm
  8816 | D:11     | Noticed a steelbarb worm (glowing shapeshifter)
  8818 | D:11     | a steelbarb worm changed into a water nymph
  8821 | D:11     | a water nymph changed into a lindwurm
  8821 | D:11     | Noticed a lindwurm (glowing shapeshifter)
  8957 | D:11     | Mangled by a shadow

Illustrated notes

Levels and vault maps discovered:
D:1:      mrwooster_arrival_arrow, layout_loops_corners, serial_shops, shop,
          shop, nicolae_lakefront_shop
D:2:      layout_rooms, basic_altar, minmay_unequal
D:3:      layout_loops_ring, nicolae_wu_jian_wuxing_cycle,
          gammafunk_ghost_mausoleum
D:4:      layout_cave_pools, temple_hall, glass_columns_b
D:5:      layout_rooms, serial_glass, glass_columns_b, glass_columns_a,
          corner_web_ring, serial_bayou_lake_a
D:6:      layout_basic, jmf_multi_god_temple, minmay_manual_moon
D:7:      layout_loops_ring, enter_ossuary_1, uniq_maggie
D:8:      layout_loops_ring, hellmonk_lair_entry_icy, grunt_ministairs_4,
          uniq_prince_ribbit1
D:9:      layout_cave_pods, minmay_orc_entry_guard_dogs, serial_shops,
          nicolae_shop_pleasant_corner_grove, nicolae_shop_vocational
D:10:     layout_loops_corners, lemuel_tele_altar
D:11:     gammafunk_sealed_arena, layout_irregular_city
Temple:   regret_index_temple_mists

Skill      XL: |  1  2  3  4  5  6  7  8  9 10 11 |
---------------+----------------------------------+-----
Dodging        | 2 3 |  3.1
Fighting       | 1 2 3 4 5 6 8 10 12 | 12.1
Maces & Flails | 1 2 3 4 5 6 8 |  8.8
Shields        | 2 3 4 5 6 7 8 |  8.4
Evocations     | 2 4 6 7 8 |  8.4
Invocations    | 3 5 6 7 |  7.7
Short Blades   | |  1.0
Stealth        | |  2.6
Spellcasting   | |  2.0
Hexes          | |  2.6

Action                     |  1- 3 |  4- 6 |  7- 9 | 10-12 || total
---------------------------+-------+-------+-------+-------++-------
  Melee: Dagger            |    13 |       |       |       ||    13
         Flail             |    61 |    30 |       |       ||    91
         Tailslap          |    10 |    12 |    63 |    70 ||   155
         Whip              |       |   113 |   445 |   420 ||   978
         Maw               |       |       |       |     3 ||     3
  Throw: Dart              |       |     4 |     1 |     2 ||     7
 Invoke: Draw Destruction  |       |       |     1 |    14 ||    15
         Draw Escape       |       |       |       |     1 ||     1
  Evoke: Wand              |       |       |    10 |     9 ||    19
    Use: Scroll            |     4 |     8 |     2 |     6 ||    20
         Potion            |     1 |       |     3 |     3 ||     7
   Stab: Sleeping          |     7 |     6 |     5 |     1 ||    19
         Invisible         |     2 |       |     2 |     7 ||    11
         Distracted        |       |     1 |     1 |       ||     2
 Armour: Skin              |    45 |    68 |   197 |   162 ||   472
  Dodge: Dodged            |    57 |    54 |   167 |   137 ||   415
  Block: Kite shield       |     8 |    75 |   281 |   210 ||   574
   Form: Maw               |       |       |       |     1 ||     1
